 Dungeon Crawl Stone Soup version 0.31-a0-636-ge1c0e020e0 (webtiles) character file.

Game seed: 12122421456421281642

363 Conn the Firebug (level 6, -13/36 HPs)
             Began as an Octopode Fire Elementalist on Aug 26, 2023.
             Mangled by a gnoll sergeant
             ... wielding a +7 spear of flaming
              (15 damage)
             ... on level 3 of the Dungeon.
             The game lasted 00:08:33 (2626 turns).

Conn the Firebug (Octopode Fire Elementalist)       Turns: 2626, Time: 00:08:34

Health: -13/36     AC:  1    Str:  7    XL:     6   Next: 67%
Magic:  0/12       EV: 18    Int: 20    God:
Gold:   140        SH:  0    Dex: 12    Spells: 7/13 levels left

rFire   + . .        c - +0 short sword
rCold   . . .        (no shield)
rNeg    . . .        (helmet restricted)
rPois   .            (no amulet)
rElec   .            r - ring of the Ancient Songs {rF+ EV+5 SInv}
rCorr   .            (no ring)
SInv    +            (no ring)
Will    .....        (no ring)
Stlth   +++          (no ring)
HPRegen 0.26/turn    (no ring)
MPRegen 0.13/turn    (no ring)
                     (no ring)

%: no passive effects
@: very slightly contaminated
A: almost no armour, amphibious, 8 rings, camouflage 1, gelatinous body 1,
(nimble swimmer 1), tentacles
a: no special abilities


You were on level 3 of the Dungeon.
You visited 1 branch of the dungeon, and saw 3 of its levels.

You collected 140 gold pieces.

Inventory:

Hand Weapons
 c - a +0 short sword (weapon)
Jewellery
 r - the ring of the Ancient Songs (left tentacle) {rF+ EV+5 SInv}
   (You acquired it on level 2 of the Dungeon)

   [ring of evasion]

   EV+5:      It affects your evasion (+5).
   rF+:       It protects you from fire.
   SInv:      It lets you see invisible.
Scrolls
 b - 3 scrolls of identify {unknown}
 f - a scroll of fog {unknown}
 h - a scroll of revelation {unknown}
 i - a scroll of noise {unknown}
 k - a scroll of acquirement
 n - a scroll of teleportation {unknown}
 p - a scroll of enchant weapon {unknown}
 q - a scroll of enchant armour {unknown}
Potions
 a - 2 potions of magic
 d - 3 potions of heal wounds {unknown}
 e - a potion of ambrosia {unknown}
 g - a potion of degeneration {unknown}
 j - a potion of cancellation {unknown}
 l - a potion of curing {unknown}
 m - a potion of brilliance {unknown}
 o - 2 potions of enlightenment {unknown}


   Skills:
 + Level 0.2 Fighting
 + Level 0.4 Short Blades
 + Level 2.3 Dodging
 + Level 3.4 Stealth
 * Level 4.0 Spellcasting
 * Level 3.8 Conjurations
 + Level 4.0 Fire Magic


You had 7 spell levels left.
You knew the following spells:

 Your Spells              Type           Power      Damage    Failure   Level
a - Foxfire               Conj/Fire      76%        2x1d7     2%          1
b - Scorch                Fire           40%        2d6       3%          2
c - Inner Flame           Hex/Fire       12%        N/A       17%         3

Your spell library contained the following spells:

 Spells                   Type           Power      Damage    Failure   Level
 Apportation              Tloc           8%         N/A       13%         1
 Necrotise                Necr           16%        1d4       13%         1
 Summon Small Mammal      Summ           16%        N/A       13%         1
 Volatile Blastmotes      Fire/Tloc      24%        2d12      17%         3
 Ensorcelled Hibernation  Hex/Ice        8%         N/A       19%         2
 Flame Wave               Conj/Fire      19%        2d7       26%         4
 Portal Projectile        Hex/Tloc       8%         N/A       36%         3
 Tukima's Dance           Hex            4%         N/A       36%         3
 Iskenderun's Mystic Bla  Conj/Tloc      11%        2d4       50%         4
 Fireball                 Conj/Fire      9%         3d6       56%         5
 Iskenderun's Battlesphe  Conj           19%        2d7       58%         5
 Anguish                  Hex/Necr       2%         N/A       77%         4
 Conjure Ball Lightning   Conj/Air       5%         3x3d6     100%        6
 Orb of Destruction       Conj           9%         9d6       100%        7


Dungeon Overview and Level Annotations

Branches:
Dungeon (3/15)

Altars:

Shops:
D:2 (


Innate Abilities, Weirdness & Mutations

You cannot wear most types of armour.
You are amphibious.
You can wear up to eight rings at the same time.
Your skin changes colour to match your surroundings (Stealth+).
Your rubbery body absorbs attacks. (AC +1, EV +1)
((You are camouflaged when in or above water. (Stealth+)))
You have tentacles for arms and can constrict up to eight enemies at once.


Message History

You hear a shout!
The scorpion barely misses you.
Casting: Scorch (safe; 3% risk of failure)
Confirm with . or Enter, or press ? or * to list all spells.
Flames lash the scorpion.
The scorpion is burned terribly!
You kill the scorpion!
Your Spellcasting skill increases to level 4!
Your Fire Magic skill increases to level 4!
Unknown command.
You see here a scorpion corpse.
Casting: Scorch (safe; 3% risk of failure)
Confirm with . or Enter, or press ? or * to list all spells.
Flames lash the gnoll sergeant.
The gnoll sergeant is moderately wounded.
The gnoll sergeant's fire resistance burns away.
The gnoll sergeant closely misses you.
Unknown command.
Casting: Scorch (safe; 3% risk of failure)
Confirm with . or Enter, or press ? or * to list all spells.
You miscast Scorch.
You are very lightly contaminated with residual magic.
Nothing appears to happen.
The gnoll sergeant hits you from afar with a +7 spear of flaming!!
Ouch! That really hurt!
The gnoll sergeant burns you.
Unknown command.
Casting: Scorch (safe; 3% risk of failure)
Confirm with . or Enter, or press ? or * to list all spells.
You conjure some foxfire!
The gnoll sergeant hits you from afar with a +7 spear of flaming!
* * * LOW HITPOINT WARNING * * *
The gnoll sergeant burns you.
* * * LOW HITPOINT WARNING * * *
Unknown command.
Unknown command.
The foxfire hits the gnoll sergeant!
The gnoll sergeant is burned terribly!
The gnoll sergeant is heavily wounded.
The gnoll sergeant attacks as it pursues you!
The gnoll sergeant hits you from afar with a +7 spear of flaming!
You die...

.#.#### #.#.#
.#..# .# #
#.####.#.# .#
#.###....# #.
#.......# .
#####..#...#### #
#..............
.......#.######..
...###...##.....#
.......v#@..#
######.§†.###
#..g## #...#
#..## ...# .####
#. .


You could see a gnoll sergeant (combustible).

Vanquished Creatures
  A scorpion (D:3)
  2 howler monkeys (D:3)
  A hound (D:3)
  Jessica (D:3)
  Robin (D:2)
  5 gnolls (D:3)
  2 adders (D:2)
  2 dart slugs
  5 orcs (D:3)
  2 ball pythons (D:1)
  5 endoplasms
  8 giant cockroaches
  12 goblins
  5 hobgoblins
  16 jackals
  3 kobolds
  3 quokkas
  2 bats
  6 frilled lizards
  4 rats
86 creatures vanquished.

Vanquished Creatures (collateral kills)
  6 foxfires (D:1)
6 creatures vanquished.

Vanquished Creatures (others)
  233 foxfires
233 creatures vanquished.

Grand Total: 325 creatures vanquished

Notes
Turn   | Place    | Note
-------+----------+-------------------------------------------
     0 | D:1      | Conn the Octopode Fire Elementalist began the quest for the
                  | Orb.
     0 | D:1      | Reached XP level 1. HP: 11/11 MP: 3/3
   113 | D:1      | Found a faded altar of an unknown god.
   123 | D:1      | Reached XP level 2. HP: 17/17 MP: 1/5
   126 | D:1      | Learned a level 2 spell: Scorch
   742 | D:1      | Reached XP level 3. HP: 21/21 MP: 2/6
   746 | D:1      | Learned a level 3 spell: Inner Flame
  1137 | D:2      | Noticed Robin
  1277 | D:2      | Found Aram's Weapon Emporium.
  1326 | D:2      | Killed Robin
  1327 | D:2      | Reached XP level 4. HP: 24/27 MP: 1/8
  2038 | D:2      | Identified 3 scrolls of acquirement
  2038 | D:2      | Acquired the ring of the Ancient Songs {rF+ EV+5 SInv}
  2041 | D:2      | Acquired a book of the Spheres
  2298 | D:3      | Reached XP level 5. HP: 31/31 MP: 4/9
  2397 | D:3      | Noticed Jessica
  2401 | D:3      | Killed Jessica
  2476 | D:3      | Reached XP level 6. HP: 36/36 MP: 0/11
  2626 | D:3      | Mangled by a gnoll sergeant

Illustrated notes

Levels and vault maps discovered:
D:1:      roderic_crop_circles_arrival_small, layout_basic,
          shapermc_ecumenical_altar_mp_highgroup
D:2:      layout_basic, serial_shops, shop, uniq_robin
D:3:      lemuel_castle_with_subvaults [lemuel_castle_interior_carwin_2],
          layout_rooms, portal_sewer_entry_e, uniq_jessica

Skill      XL: |  1  2  3  4  5  6 |
---------------+-------------------+-----
Stealth        | 3 |  3.4
Spellcasting   | 3 4 |  4.0
Conjurations   | 3 |  3.8
Fire Magic     | 4 |  4.0
Fighting       | |  0.2
Short Blades   | |  0.4
Dodging        | |  2.3

Action                     |  1- 3 |  4- 6 || total
---------------------------+-------+-------++-------
  Melee: Unarmed           |     7 |       ||     7
         Constrict         |     9 |     6 ||    15
         Tentacles         |     7 |     1 ||     8
         Punch             |     1 |       ||     1
         Short sword       |    24 |    23 ||    47
   Cast: Foxfire           |    53 |    75 ||   128
         Scorch            |       |     4 ||     4
    Use: Scroll            |       |     2 ||     2
   Stab: Sleeping          |     2 |     2 ||     4
 Armour: Skin              |       |     1 ||     1
  Dodge: Dodged            |    16 |    27 ||    43

Table legend: (Time is in decaauts)
 A = Elapsed time spent in this place.
 B = Non-inter-level travel time spent in this place.
 C = Inter-level travel time spent in this place.
 D = Time resting spent in this place.
 E = Time spent auto-exploring this place.
 F = Levels seen in this place.
 G = Mean time per level.
                   A        B        C        D        E       F      G
               +--------+--------+--------+--------+--------+-----+--------+
         Total |   2624 |   2590 |     34 |     16 |   1737 |   3 |  874.7 |
       Dungeon |   2624 |   2590 |     34 |     16 |   1737 |   3 |  874.7 |
               +--------+--------+--------+--------+--------+-----+--------+

Top non-repeatable levels by time:
     D:1: 1177 daAuts
     D:2: 903 daAuts
     D:3: 543 daAuts
